 Dungeon Crawl Stone Soup version 0.27.0-1-g7a089689b8 (webtiles) character file.

Game seed: 5930663751066227337

25103 shoop the Thaumaturge (level 13, -8/88 HPs)
             Began as a Djinni Earth Elementalist on Aug 2, 2021.
             Was an Elder of Fedhas.
             Mangled by an anaconda (9 damage)
             ... on level 6 of the Lair of Beasts on Aug 3, 2021.
             The game lasted 00:57:00 (15157 turns).

shoop the Thaumaturge (Djinni Earth Elementalist)  Turns: 15157, Time: 00:57:02

Health: -8/88      AC: 14    Str: 20    XL:     13   Next: 47%
Gold:   405        EV: 12    Int: 19    God:    Fedhas [****..] SH:  0 Dex: 17

rFire    + + .     SeeInvis .   B - staff of earth
rCold    + . .     Faith    .   (no shield)
rNeg     . . .     Spirit   .   H - +3 robe of Prudence {rC++ Regen+ rCorr Dex+2}
rPois    ∞         Reflect  .   b - +2 hat {Will+}
rElec    .         Harm     .   t - +0 cloak
rCorr    +         Rampage  .   Y - +1 pair of gloves "Zecumux" {Str+5}
Will     ++...                  (boots unavailable)
Stlth    +++.......             h - amulet of the acrobat
HPRegen  1.24/turn              o - ring of Balance {*Slow Str+6 Slay+4}
MPRegen  0.00/turn              f - +4 ring of protection

@: about to teleport, flying, slowed, constricted, very slow
A: sickness immunity, fire resistance 2, cold vulnerability 1, float, innate
caster, hp casting, extra vitality 1
a: Renounce Religion, Wall of Briars, Grow Ballistomycete, Overgrow


You were on level 6 of the Lair of Beasts.
You worshipped Fedhas.
Fedhas was greatly pleased with you.
You visited 2 branches of the dungeon, and saw 16 of its levels.
You also visited: Sewer and Volcano.

You collected 765 gold pieces.
You spent 360 gold pieces at shops.

Inventory:

Hand Weapons
 T - a +6 great sword
Missiles
 c - 480 stones (quivered)
 M - 2 throwing nets
Armour
 b - a +2 hat of willpower (worn)
 t - a +0 cloak (worn)
 H - the +3 robe of Prudence (worn) {rC++ Regen+ rCorr Dex+2}
   (You found it on level 6 of the Dungeon)

   Dex:       It affects your dexterity (+2).
   rC:        It greatly protects you from cold.
   Regen:     It increases your rate of health regeneration.
   rCorr:     It protects you from acid and corrosion.
 Y - the +1 pair of gloves "Zecumux" (worn) {Str+5}
   (You found it in a volcano)

   Str:       It affects your strength (+5).
Magical Staves
 s - a staff of fire
 B - a staff of earth (weapon)
Jewellery
 e - a ring of ice
 f - a +4 ring of protection (right hand)
 h - an amulet of the acrobat (around neck)
 o - the ring of Balance (left hand) {*Slow Str+6 Slay+4}
   (You took it off a goblin on level 3 of the Dungeon)

   [ring of slaying]

   Str:       It affects your strength (+6).
   Slay:      It affects your accuracy & damage with ranged weapons and melee
   (+4).
   *Slow:     It may slow you when you take damage.
 q - an amulet of faith
Wands
 y - a wand of iceblast (21)
 C - a wand of flame (50)
 D - a wand of charming (12)
 L - a wand of acid (19)
Scrolls
 d - 6 scrolls of enchant weapon {unknown}
 g - 2 scrolls of torment {unknown}
 i - 2 scrolls of holy word
 k - 4 scrolls of enchant armour {unknown}
 p - 3 scrolls of blinking {unknown}
 u - a scroll of brand weapon
 w - 4 scrolls of fear {unknown}
 x - 5 scrolls of teleportation
 E - a scroll of magic mapping
 G - 4 scrolls of fog {unknown}
 I - 8 scrolls of noise {unknown}
 O - 2 scrolls of acquirement
 P - a scroll of summoning
 V - 3 scrolls of amnesia {unknown}
Potions
 a - 3 potions of brilliance
 j - 8 potions of haste {unknown}
 l - 4 potions of might {unknown}
 m - a potion of cancellation {unknown}
 n - 2 potions of attraction
 v - 3 potions of mutation
 z - 3 potions of lignification {unknown}
 F - 2 potions of curing
 J - a potion of resistance
 K - a potion of heal wounds
 Q - a potion of magic
 R - 3 potions of invisibility {unknown}
Miscellaneous
 N - a piece from Xom's chessboard (15/15)
 S - a condenser vane


   Skills:
 + Level 6.4 Fighting
 - Level 1.0 Staves
 + Level 6.6 Dodging
 - Level 4.0 Stealth
 * Level 13.0 Spellcasting
 - Level 9.0 Invocations
 + Level 4.9 Evocations


You had 8 spell levels left.
You knew the following spells:

 Your Spells              Type           Power      Damage    Failure   Level
a - Stone Arrow           Conj/Erth      100%       3d13      1%          3
b - Passwall              Tmut/Erth      62%        N/A       1%          2
c - Petrify               Tmut/Erth      75%        N/A       1%          4
d - Sandblast             Erth           100%       2d20      1%          1
e - Corona                Hex            64%        N/A       1%          1
f - Call Imp              Summ           58%        N/A       1%          2
g - Confusing Touch       Hex            58%        N/A       1%          3
h - Summon Ice Beast      Ice/Summ       58%        N/A       1%          4
i - Irradiate             Conj/Tmut      29%        3d23      1%          5
j - Manifold Assault      Tloc           58%        N/A       1%          5
Your spell library was empty.

Dungeon Overview and Level Annotations

Branches:
Dungeon (11/15)            Temple (0/1) D:7            Lair (4/6) D:10
  Snake (0/4) Lair:2          Orc (0/2) D:9           Sewer (visited)
Volcano (visited)
  Swamp: Lair:2-4    Shoals: Lair:2-4

Altars:
Ashenzari
Dithmenos
Elyvilon
Fedhas
Hepliaklqana
Kikubaaqudgha
Makhleb
Nemelex Xobeh
Uskayaw
Vehumet
Xom
Yredelemnul
The Shining One

Shops:
D:1 (=(*=   D:6 (   D:9 [

Annotations:
D:2 exclusion: phantom
D:9 2 transporters, ProzacElf's ghost, novice HOWn
Lair:1 Urug


Innate Abilities, Weirdness & Mutations

You are immune to sickness and miasma.
You are immune to poison.
Your flesh is very heat resistant. (rF++)
You are vulnerable to cold. (rC-)
You float through the air rather than walking.
You learn spells naturally, not from books.
Your magical power is your life essence.
You have superior vitality. (+4 HP)


Message History

A rock wall.
You feel a surge of power!
The anaconda hisses angrily.
The water moccasin misses you. The death yak gores you!
The water moccasin barely misses you. The torpor snail bites you!
The death yak gores you!
You begin to meditate on the wall.
You continue meditating on the rock.
A nearby plant withers and dies.
The water moccasin barely misses you. The water moccasin misses you.
The torpor snail bites you but does no damage.
The death yak gores you but does no damage.
You continue meditating on the rock.
The water moccasin bites you but does no damage.
The death yak gores you!
The torpor snail bites you but does no damage.
The death yak gores you!
You continue meditating on the rock.
The anaconda grabs you.
Your meditation is interrupted.
The anaconda bites you.
* * * LOW HITPOINT WARNING * * *
The anaconda constricts you.
The water moccasin bites you but does no damage.
The torpor snail bites you!
* * * LOW HITPOINT WARNING * * *
The death yak gores you but does no damage.
Unknown command.
As you read the scroll of teleportation, it crumbles to dust.
You feel strangely unstable. The anaconda barely misses you.
* * * LOW HITPOINT WARNING * * *
The anaconda constricts you. The water moccasin closely misses you.
The anaconda closely misses you.
* * * LOW HITPOINT WARNING * * *
The anaconda constricts you.
The water moccasin bites you but does no damage.
The death yak gores you!
* * * LOW HITPOINT WARNING * * *
The torpor snail bites you.
* * * LOW HITPOINT WARNING * * *
The anaconda bites you!
You die...
Fedhas appreciates your contribution to the ecosystem.

##........#.............#
#.........#####.........#
#.........# #.........#
#..........# #..........#
#P........## #P........##
##.........# ##........#
#.........# #..........
..<.Y....######........#.
#..........#P@S#..........
......YSw...........
.......Y...........
..................
..................
..................
..................
..................
P...P#...........


You could see a death yak, an elephant, an anaconda, a torpor snail and a water
moccasin.

Vanquished Creatures
  Gastronok (Lair:1)
  Fannar (Lair:2)
  A catoblepas (Lair:4)
  2 two-headed ogres
  A boulder beetle (D:10)
  3 death yaks (Lair:4)
  A deep troll (D:10)
  2 salamanders (Volcano)
  2 black mambas
  3 elephants (Lair:4)
  3 cane toads
  A rime drake (Lair:2)
  A komodo dragon (Lair:1)
  10 trolls
  A fire bat (Volcano)
  A wraith (D:10)
  4 wyverns
  15 yaks
  Grum (Lair:1)
  A steam dragon (Lair:4)
  4 hell hounds
  10 water moccasins
  4 orc warriors
  A black bear (D:5)
  9 wolves
  3 ogres
  7 centaurs
  4 kobold brigands
  6 bullfrogs
  A gnoll sergeant (D:8)
  A wyvern skeleton (D:7)
  11 killer bees
  9 howler monkeys
  7 wights
  An electric eel (D:10)
  A crimson imp (D:10)
  A bullfrog zombie (D:6)
  2 centaur zombies (D:8)
  2 hounds
  A jelly (D:6)
  7 orc priests
  A centaur skeleton (D:7)
  Jessica (D:2)
  6 hell rats (Lair:4)
  2 scorpion zombies (D:5)
  Natasha (thrice) (D:3)
  8 orc wizards
  A howler monkey skeleton (D:4)
  6 adders
  5 gnolls
  2 river rats (D:4)
  2 white imps
  4 worms (Sewer)
  20 orcs
  7 ball pythons
  9 endoplasms
  3 giant cockroaches
  3 hobgoblins
  15 jackals
  19 kobolds
  6 quokkas
  12 bats
  4 frilled lizards
  13 goblins
  3 rats (D:3)
302 creatures vanquished.

Vanquished Creatures (collateral kills)
  A hydra (Lair:1)
  2 death yaks (Lair:4)
  A salamander (Volcano)
  An elephant (Lair:4)
  A black mamba (Lair:2)
  A cane toad (Lair:4)
  A komodo dragon (Lair:4)
  A fire bat (Volcano)
  2 yaks (Lair:1)
  6 water moccasins (Lair:2)
  11 wolves
  A bullfrog (Lair:4)
  4 hell rats (Lair:4)
  12 ballistomycete spores (Lair:4)
45 creatures vanquished.

Vanquished Creatures (others)
  An oklob plant (Lair:4)
  A centaur (Volcano)
  11 fungi
  11 plants
24 creatures vanquished.

Grand Total: 371 creatures vanquished

Notes
Turn   | Place    | Note
-------+----------+-------------------------------------------
     0 | D:1      | shoop the Djinni Earth Elementalist began the quest for the
                  | Orb.
     0 | D:1      | Reached XP level 1. HP: 15/15 MP: 0/0
   296 | D:1      | Found Fut Biff's Jewellery Emporium.
   403 | D:1      | Found Jeucs's Assorted Antiques.
   405 | D:1      | Reached XP level 2. HP: 19/21 MP: 0/0
   474 | D:1      | Reached skill level 3 in Spellcasting
   674 | D:1      | Found Buvvoorph's Antique Weapon Shop.
   747 | D:1      | Found Gedaciosh's Weapon Boutique.
  1288 | D:1      | Reached XP level 3. HP: 25/25 MP: 0/0
  1288 | D:1      | Learned a level 1 spell: Corona
  1333 | D:1      | Found Raxaamn's Jewellery Emporium.
  1651 | D:2      | Noticed a phantom
  2420 | D:2      | Reached XP level 4. HP: 21/31 MP: 0/0
  2597 | D:2      | Found a faded altar of an unknown god.
  2778 | D:2      | Noticed Jessica
  2782 | D:2      | Killed Jessica
  2783 | D:2      | Reached skill level 4 in Spellcasting
  3228 | D:3      | Identified the ring of Balance {*Slow Str+6 Slay+4}
  3237 | D:3      | Reached XP level 5. HP: 28/35 MP: 0/0
  3237 | D:3      | Learned a level 2 spell: Call Imp
  3388 | D:3      | Noticed Natasha
  3395 | D:3      | Killed Natasha
  3470 | D:3      | Noticed Natasha
  3474 | D:3      | Killed Natasha
  3770 | D:3      | Noticed Natasha
  3770 | D:3      | You are sucked into a shaft and drop 1 floor!
  3839 | D:4      | Reached XP level 6. HP: 36/40 MP: 0/0
  3900 | D:4      | Found a glowing golden altar of the Shining One.
  3912 | D:4      | Reached skill level 5 in Spellcasting
  3918 | D:4      | Became a worshipper of the Shining One
  3949 | D:4      | Found a shimmering altar of Xom.
  4073 | D:4      | Found a blossoming altar of Fedhas.
  4081 | D:4      | Fell from the grace of the Shining One
  4081 | D:4      | Became a worshipper of Fedhas Madash
  4176 | D:4      | Found a glowing drain.
  4317 | Sewer    | Entered a sewer
  4636 | Sewer    | Reached * piety under Fedhas
  5211 | D:3      | Killed Natasha
  5629 | D:5      | Entered Level 5 of the Dungeon
  5689 | D:5      | Reached skill level 1 in Evocations
  5689 | D:5      | Reached XP level 7. HP: 44/45 MP: 0/0
  5689 | D:5      | Learned a level 3 spell: Confusing Touch
  6681 | D:5      | Found a faded altar of an unknown god.
  6682 | D:5      | Found a hazy altar of Hepliaklqana.
  6690 | D:5      | Reached skill level 6 in Spellcasting
  6790 | D:6      | Reached XP level 8. HP: 38/50 MP: 0/0
  6905 | D:6      | Found a white marble altar of Elyvilon.
  6956 | D:6      | Reached skill level 1 in Staves
  6957 | D:6      | Noticed a two-headed ogre
  7384 | D:6      | Found a sparkling altar of Nemelex Xobeh.
  7485 | D:6      | Reached ** piety under Fedhas
  7486 | D:6      | Reached skill level 7 in Spellcasting
  7639 | D:6      | Found Juotyn's Antique Weapon Emporium.
  7653 | D:6      | Identified the +3 robe of Prudence {rC++ Regen+ rCorr
                  | Dex+2}
  7779 | D:6      | Killed a two-headed ogre
  7780 | D:6      | Reached skill level 8 in Spellcasting
  7780 | D:6      | Reached XP level 9. HP: 40/55 MP: 0/0
  7780 | D:6      | Learned a level 4 spell: Summon Ice Beast
  8009 | D:7      | Reached skill level 9 in Spellcasting
  8254 | D:7      | Reached skill level 1 in Fighting
  8312 | D:7      | Found a staircase to the Ecumenical Temple.
  8369 | D:7      | Found a shadowy altar of Dithmenos.
  9011 | D:8      | Reached XP level 10. HP: 29/65 MP: 0/0
  9370 | D:8      | Reached skill level 1 in Invocations
  9503 | D:8      | Found a hide-covered altar of Uskayaw.
  9503 | D:8      | Found a basalt altar of Yredelemnul.
  9619 | D:8      | Reached *** piety under Fedhas
  9926 | D:9      | Reached skill level 5 in Dodging
 10001 | D:9      | Identified a scroll of acquirement
 10234 | D:1      | Bought an amulet of the acrobat for 360 gold pieces
 10636 | D:9      | Found Uxetoifi's Antique Armour Boutique.
 10727 | D:9      | Found a staircase to the Orcish Mines.
 10855 | D:9      | Reached skill level 5 in Fighting
 10893 | D:9      | Found a transporter.
 10893 | D:9      | Found a transporter.
 10893 | D:9      | Noticed ProzacElf's ghost (novice HOWn)
 10935 | D:9      | Noticed a two-headed ogre
 11046 | D:9      | Reached skill level 10 in Spellcasting
 11169 | D:10     | Entered Level 10 of the Dungeon
 11204 | D:10     | Reached XP level 11. HP: 69/75 MP: 0/0
 11204 | D:10     | Learned a level 5 spell: Irradiate
 11279 | D:10     | Reached **** piety under Fedhas
 11306 | D:10     | Reached skill level 5 in Invocations
 11315 | D:10     | Found a broken altar of Ashenzari.
 11348 | D:10     | Noticed a two-headed ogre
 11360 | D:10     | Killed a two-headed ogre
 11384 | D:10     | Found a staircase to the Lair.
 11538 | D:10     | Found a burning altar of Makhleb.
 11628 | D:10     | Noticed a deep troll
 11706 | D:10     | Killed a deep troll
 11707 | D:10     | Reached skill level 11 in Spellcasting
 11842 | D:10     | Noticed a boulder beetle
 11865 | D:10     | Killed a boulder beetle
 12282 | D:11     | Noticed a two-headed ogre
 12341 | Lair:1   | Entered Level 1 of the Lair of Beasts
 12356 | Lair:1   | Reached XP level 12. HP: 71/81 MP: 0/0
 12527 | Lair:1   | Noticed an eight-headed hydra
 12538 | Lair:1   | Noticed Grum
 12562 | Lair:1   | Killed Grum
 12693 | Lair:1   | Found a dark tunnel.
 12774 | Volcano  | Entered a volcano
 13033 | Volcano  | Identified the +1 pair of gloves "Zecumux" {Str+5}
 13262 | Lair:1   | Reached skill level 12 in Spellcasting
 13363 | Lair:1   | Killed an eight-headed hydra
 13413 | Lair:1   | Noticed Gastronok
 13431 | Lair:1   | Killed Gastronok
 13664 | Lair:1   | Noticed Urug
 13772 | Lair:2   | Found a staircase to the Snake Pit.
 13860 | Lair:2   | Noticed Fannar
 13873 | Lair:2   | Killed Fannar
 14474 | Lair:4   | Reached XP level 13. HP: 80/86 MP: 0/0
 14474 | Lair:4   | Learned a level 5 spell: Manifold Assault
 14566 | Lair:4   | Noticed a catoblepas
 14579 | Lair:4   | Killed a catoblepas
 14594 | Lair:4   | Reached ***** piety under Fedhas
 14935 | Lair:4   | Reached skill level 13 in Spellcasting
 15103 | Lair:4   | You are sucked into a shaft and drop 2 floors!
 15103 | Lair:6   | Entered Level 6 of the Lair of Beasts
 15152 | Lair:6   | Noticed an anaconda
 15157 | Lair:6   | HP: 1/88 [torpor snail (6)]
 15157 | Lair:6   | Mangled by an anaconda

Illustrated notes

Levels and vault maps discovered:
D:1:      dpeg_arrival_castle, layout_loops_ring, serial_shops, shop_statue,
          shop, shop, shop, nicolae_shop_stone, corner_web_ring,
          serial_bayou_crossing
D:2:      layout_basic, hellmonk_ecumenical_altar_inner_sanctum,
          minmay_tromino_v4_b, uniq_jessica
D:3:      layout_basic, minmay_misc_feat_roman, minmay_checkerbox, uniq_natasha
D:4:      layout_loops_cross, mainiacjoe_overflow_chevrons, xom_teletrap_fun,
          mainiacjoe_overflow_paths, cheibrodos_sewer_entry_sluice
D:5:      layout_loops_cross, beargit_hepliaklqana_dungeon_heroes
D:6:      layout_loops_ring, nemelex_dance_club_becter, elyvilon_altar_4,
          serial_shops, kennysheep_little_box
D:7:      layout_loops_ring, overflow_temple_1_default,
          minmay_temple_entry_wispy
D:8:      layout_basic, gammafunk_temple_overflow_claw,
          nicolae_straight_to_the_point
D:9:      layout_roguey, orc_0_dummy, serial_shops, shop_statue,
          gammafunk_ghost_arena, minivault_11
D:10:     lemuel_troll_bridge, layout_irregular_city,
          grunt_temple_overflow_lords_of_destruction,
          nicolae_ashenzari_panopticon
D:11:     layout_layer_cave
Lair:1:   layout_cellular_growth, enter_volcano_3, grunt_megastairs_1,
          uniq_gastronok, uniq_urug, uniq_grum
Lair:2:   layout_chaotic_city, minmay_snake_entry_six_corridors, uniq_fannar
Lair:3:   layout_long_grid, nicolae_swamp_entry_splash_gauntlet
Lair:4:   layout_cave_pods, grunt_megastairs_5, uniq_nessos
Lair:6:   due_jungle_book, layout_big_grid

Skill      XL: |  1  2  3  4  5  6  7  8  9 10 11 12 13 |
---------------+----------------------------------------+-----
Spellcasting   | 3 4 5 6 8 9 10 11 12 13 | 13.0
Evocations     | 1 3 4 |  4.9
Staves         | 1 |  1.0
Fighting       | 2 5 6 |  6.4
Stealth        | 2 4 |  4.0
Dodging        | 3 5 6 |  6.6
Invocations    | 4 8 9 |  9.0

Action                   |  1- 3 |  4- 6 |  7- 9 | 10-12 | 13-15 || total
-------------------------+-------+-------+-------+-------+-------++-------
Melee: Unarmed           |     5 |       |       |       |       ||     5
       Club              |    15 |       |       |       |       ||    15
       Dagger            |    51 |       |       |       |       ||    51
       Falchion          |       |    16 |       |       |       ||    16
       Hand axe          |       |   113 |       |       |       ||   113
       Staff             |       |    16 |    40 |    91 |    36 ||   183
Throw: Stone             |       |       |       |     2 |       ||     2
 Cast: Sandblast         |    34 |    37 |    14 |       |       ||    85
       Stone Arrow       |       |     2 |    79 |   242 |    48 ||   371
       Petrify           |       |       |     3 |     3 |     2 ||     8
       Passwall          |       |       |       |     5 |     1 ||     6
       Summon Ice Beast  |       |       |       |    20 |    13 ||    33
Invok: Overgrow          |       |       |       |     1 |     1 ||     2
       Grow Ballistomyce |       |       |       |       |     1 ||     1
  Use: Scroll            |       |       |       |    11 |     1 ||    12
 Stab: Sleeping          |       |     5 |       |       |       ||     5
       Distracted        |       |     2 |       |     2 |       ||     4
Armor: Robe              |    16 |    56 |    10 |    59 |    39 ||   180
Dodge: Dodged            |    55 |   105 |    28 |   118 |    87 ||   393
       Rpst.: Falchion   |       |     6 |       |       |       ||     6
